 Dungeon Crawl Stone Soup version 0.14-a0-1403-g5d3c58f (webtiles) character file.

26 4tharraofdagon the Digger (level 2, 3/23 HPs)
             Began as a Centaur Earth Elementalist on Dec 10, 2013.
             Quit the game on Level 4 of the Dungeon.
             The game lasted 00:01:40 (363 turns).

4tharraofdagon the Digger (CeEE)                     Turns: 363, Time: 00:01:41

HP   3/23        AC  4     Str 10      XL: 2   Next: 27%
MP   3/3         EV  4     Int 14      God:
Gold 12          SH 19     Dex  9      Spells:  1 memorised,  3 levels left

rFire  . . .     SeeInvis .     f - +0 hand axe
rCold  . . .     Clarity  .     c - +0 robe
rNeg   . . .     Conserve .     g - +0 elf large shield
rPois  .         rCorr    .     (no helmet)
rElec  .         rRot     .     (no cloak)
SustAb . .       Spirit   .     (no gloves)
rMut   .         Warding  .     (no barding)
Saprov . . .     Stasis   .     (no amulet)
                                (no ring)
                                (no ring)

@: very quick, not resistant to hostile enchantments, very unstealthy
A: hooves 3, deformed body, herbivore 1, speed 2, fast metabolism 1, tough skin
3
a: no special abilities


You were on level 4 of the Dungeon.
You were not hungry.

You visited 1 branch of the dungeon, and saw 4 of its levels.

You collected 12 gold pieces.

Inventory:

Hand weapons
 f - a +0,+0 hand axe (weapon)
 j - a +0,+0 halberd
Missiles
 b - 41 stones (quivered)
Armour
 c - a +0 robe (worn)
 g - a +0 elven large shield (worn)
Magical devices
 h - a wand of disintegration (6)
Comestibles
 a - 4 bread rations
Scrolls
 e - a scroll of noise {unknown}
Books
 d - a book of Geomancy

   Spells                             Type                      Level
   *Sandblast                         Earth                        1
   Stoneskin                          Transmutation/Earth          2
   Passwall                           Transmutation/Earth          3
   Stone Arrow                        Conjuration/Earth            3
   Petrify                            Transmutation/Earth          4
   Lee's Rapid Deconstruction         Earth                        5


   Skills:
 + Level 1.3 Fighting
 * Level 1.0 Axes
 - Level 1.3 Dodging
 - Level 1.2 Stealth
 - Level 1.5 Spellcasting
   Level 0.8 Transmutations
 - Level 2.6 Earth Magic


You had 3 spell levels left.
You knew the following spells:

 Your Spells              Type           Power        Failure   Level  Hunger
a - Sandblast             Erth           #.....       100%        1    ##.....


Dungeon Overview and Level Annotations

Branches:
Dungeon (4/16)
 Temple: D:4-7

Altars:


Innate Abilities, Weirdness & Mutations

You have hooves in place of feet.
Armour fits poorly on your strangely shaped body.
You digest meat inefficiently.
You cover ground very quickly.
You have a fast metabolism.
You have extremely tough skin (AC +3).


Message History

As you read the scroll labeled SOGAIQETUM, it crumbles to dust.
You feel aware of your surroundings.
It was a scroll of magic mapping.
You hit the giant frog.
The giant frog is moderately wounded.
The giant frog hits you. You block the giant frog's attack.
You hit the giant frog. Your kick misses the giant frog.
The giant frog is moderately wounded.
You block the giant frog's attack.
The giant frog hits you but does no damage.
You closely miss the giant frog. Your kick misses the giant frog.
The giant frog is moderately wounded.
The giant frog hits you. You block the giant frog's attack.
You closely miss the giant frog.
The giant frog is moderately wounded.
The giant frog hits you.
* * * LOW HITPOINT WARNING * * *
You are too injured to fight recklessly!
You are too injured to fight recklessly!
You are too injured to fight recklessly!
Are you sure you want to abandon this character and quit the game? (Confirm with "yes".)

,,,,,,**,*,,,,* **** , ,,,,
,,*,###* *,,, , ,,,,***#.#..*
**** *,*, <*,,,,,,,,.#..* ** ****
,,,***,*, ,,,,,,,,,...
,,,,,,,,,..,,,, ,
**,,,,,,,,,#F.##########...***,*,
,,,,,,****,#%.,.............,*,*,
***** *,,#.##.###...........,*,*,
* *,*, #....%F@...........,*,*,
*****,*,*#####.#.............*,**
,,,,,,,<,,* #.#..##.####### *,,,
,,,,,,,,, * #.#..##.#######,****
,,,,,, ,, #.#.....#.....#, ,,,
,,,,,,,,,,* #.#.##.....#*,*,*,**
*****,*,*** #..........#*,*,*,,*
, * *,*,,,* #...##.....#*,*,* ,*
*,* *,***,* #...##.....#*,*,** *


You could see a giant frog.

Vanquished Creatures
  3 giant cockroaches
  3 hobgoblins
  A kobold (D:1)
  2 bats
  2 goblins
  A rat (D:3)
12 creatures vanquished.

Notes
Turn   | Place    | Note
--------------------------------------------------------------
     0 | D:1      | 4tharraofdagon, the Centaur Earth Elementalist, began the quest for the Orb.
     0 | D:1      | Reached XP level 1. HP: 14/14 MP: 2/2
   103 | D:1      | Reached skill level 1 in Fighting
   239 | D:3      | Reached XP level 2. HP: 5/23 MP: 3/3
   319 | D:4      | Reached skill level 1 in Axes
   355 | D:4      | Noticed a giant frog
   363 | D:4      | Quit the game

Action                   || total
-------------------------++-------
Melee: Unarmed           ||    12
       Hand axe          ||    23
Evoke: Wand              ||     1
  Use: Scroll            ||     1
       Potion            ||     1
